[Event "Haiwan Cup New Star 2019"]
[Site "Shanghai"]
[Date "2019.09.08"]
[Round "5.1"]
[White "Liu, Yan"]
[Black "Gukesh D"]
[Result "1/2-1/2"]
[ECO "D31"]
[WhiteElo "2524"]
[BlackElo "2535"]
[Annotator "ChessBase"]
[PlyCount "59"]
[EventDate "2019.09.04"]
[EventType "tourn"]
[EventCountry "CHN"]
[SourceTitle "playchess.com"]
[Source "ChessBase"]
[SourceQuality "1"]
[TimeControl "5400+30"]

1. d4 d5 2. c4 e6 3. Nf3 a6 4. cxd5 exd5 5. Nc3 h6 6. Bf4 Nf6 7. e3 Bd6 8. Be5 c6 9. Bd3 O-O 10. h3 Bxe5 11. Nxe5 Nbd7 12. f4 c5 13. Qf3 cxd4 14. exd4 b5 15. O-O Bb7 16. Kh2 Nb6 17. a3 Nc8 18. Ng4 Nd6 19. Nxf6+ Qxf6 20. Qf2 Nc4 21. Bxc4 bxc4 22. Rae1 Bc6 23. Re5 Qd6 24. Kg1 Rfe8 25. Rfe1 f6 26. Rxe8+ Rxe8 27. Rxe8+ Bxe8 28. f5 Bf7 29. Kh1 Qb6 30. Kg1 1/2-1/2

[Event "Haiwan Cup New Star 2019"]
[Site "Shanghai"]
[Date "2019.09.08"]
[Round "5.2"]
[White "Martirosyan, Haik M."]
[Black "Dai, Changren"]
[Result "1/2-1/2"]
[ECO "D31"]
[WhiteElo "2608"]
[BlackElo "2512"]
[Annotator "RC"]
[PlyCount "106"]
[EventDate "2019.09.04"]
[EventType "tourn"]
[EventCountry "CHN"]
[SourceTitle "playchess.com"]
[Source "ChessBase"]
[SourceQuality "1"]
[TimeControl "5400+30"]

1. d4 d5 2. c4 e6 3. Nc3 Be7 4. cxd5 exd5 5. Bf4 c6 6. Qc2 Nf6 7. h3 g6 8. e3 Bf5 9. Qd2 Nbd7 10. Nge2 O-O 11. Ng3 Ne4 12. Ngxe4 Bxe4 13. O-O-O Bf5 14. f3 g5 15. Bh2 b5 16. Bd3 Bg6 17. f4 gxf4 18. exf4 f5 19. g4 Bh4 20. Rdg1 Kh8 21. g5 Qa5 22. Kb1 Qb4 23. Be2 Rae8 24. Ka1 Qe7 25. Rg2 Nb6 26. Nd1 Qe4 27. Rhg1 Re7 28. Qc3 Rfe8 29. Bf3 b4 30. Bxe4 bxc3 31. Bf3 cxb2+ 32. Kxb2 Nc4+ 33. Kc1 Ne3 34. Rb2 Nxd1 35. Rxd1 Re3 36. Rf1 a5 37. Rb6 Re1+ 38. Rxe1 Rxe1+ 39. Kd2 Rf1 40. Ke3 Re1+ 41. Kd2 Be8 42. Be2 Kg7 43. Rb7+ Kg8 44. Rb8 Kf8 45. Bh5 Bf2 46. Bg1 Rxg1 47. Bxe8 Bxd4 48. Bxc6+ Ke7 49. Rb5 Rg3 50. Rxd5 Be3+ 51. Ke2 Bxf4 52. h4 Re3+ 53. Kf2 Rc3 1/2-1/2

[Event "Haiwan Cup New Star 2019"]
[Site "Shanghai"]
[Date "2019.09.08"]
[Round "5.3"]
[White "Bai, Jinshi"]
[Black "Khanin, Semen"]
[Result "1-0"]
[ECO "D92"]
[WhiteElo "2591"]
[BlackElo "2503"]
[Annotator "ChessBase"]
[PlyCount "145"]
[EventDate "2019.09.04"]
[EventType "tourn"]
[EventCountry "CHN"]
[SourceTitle "playchess.com"]
[Source "ChessBase"]
[SourceQuality "1"]
[TimeControl "5400+30"]

1. d4 Nf6 2. c4 g6 3. Nc3 d5 4. Nf3 Bg7 5. Bf4 O-O 6. Rc1 dxc4 7. e4 c5 8. dxc5 Qa5 9. Nd2 Be6 10. Bxc4 Bxc4 11. Nxc4 Qxc5 12. Nd2 Nc6 13. O-O Rad8 14. Nb3 Qh5 15. Qxh5 Nxh5 16. Be3 Nb4 17. Bc5 Nd3 18. Bxe7 Nxc1 19. Rxc1 Nf4 20. Bxd8 Bxc3 21. Rd1 Bxb2 22. Rd7 f5 23. g3 Ne6 24. Be7 Rf7 25. Rxb7 fxe4 26. Rxa7 Rf5 27. Ra4 Kf7 28. Ra7 Kg8 29. Ra5 Rf7 30. Ra8+ Kg7 31. Ra7 Ba3 32. Rxa3 Rxe7 33. h4 Kf6 34. Kf1 Rc7 35. Ke2 Rc3 36. Ra4 Ke5 37. Ra5+ Kd6 38. Ra7 Ke5 39. Ra5+ Kd6 40. Nd2 Nd4+ 41. Kf1 Rc1+ 42. Kg2 Re1 43. Nc4+ Ke6 44. Ra6+ Kd5 45. Ne3+ Ke5 46. Ng4+ Kd5 47. Ne3+ Kc5 48. Ra5+ Kb4 49. Re5 Rg1+ 50. Kh3 Kc3 51. Rxe4 Kd3 52. Rf4 h5 53. Kh2 Rb1 54. Rf6 Ra1 55. Kg2 Rxa2 56. Rxg6 Ke4 57. Rf6 Ra5 58. Rf4+ Kd3 59. Rf8 Ke4 60. Re8+ Kd3 61. Rd8 Ke4 62. Nc4 Ra2 63. Nd6+ Ke5 64. Nf7+ Ke4 65. Ng5+ Ke5 66. Nf3+ Nxf3 67. Kxf3 Ra3+ 68. Kg2 Kf6 69. Rg8 Ra7 70. Rg5 Rh7 71. Kf3 Rh8 72. Kf4 Rf8 73. Rf5+ 1-0